 Dungeon Crawl Stone Soup version 0.29.1-1-gd02db69 (webtiles) character file.

Game seed: 13965306708091098288

14 Timinator the Ducker (level 2, -1/29 HPs)
             Began as a Gnoll Monk on Jan 19, 2023.
             Slain by an endoplasm (3 damage)
             ... on level 2 of the Dungeon.
             The game lasted 00:03:27 (946 turns).

Timinator the Ducker (Gnoll Monk)                    Turns: 946, Time: 00:03:28

Health: -1/29      AC:  2    Str: 10    XL:     2   Next: 45%
Magic:  11/11      EV: 15    Int:  9    God:
Gold:   77         SH:  0    Dex: 14    Spells: 1/1 levels left

rFire   . . .      SeeInvis .   a - +0 short sword
rCold   . . .      Faith    .   (no shield)
rNeg    . . .      Spirit   .   b - +0 robe
rPois   .          Reflect  .   (no helmet)
rElec   .          Harm     .   (no cloak)
rCorr   .          Rampage  .   (no gloves)
Will    .....                   (no boots)
Stlth   +++.......              (no amulet)
HPRegen 0.09/turn               f - ring of magical power
MPRegen 0.12/turn               (no ring)

@: attractive
A: fangs 1, strong nose, distributed training
a: no special abilities


You were on level 2 of the Dungeon.
You visited 1 branch of the dungeon, and saw 2 of its levels.

You collected 77 gold pieces.

Inventory:

Hand Weapons
 a - a +0 short sword (weapon)
Armour
 b - a +0 robe (worn)
Jewellery
 f - a ring of magical power (left hand)
Scrolls
 g - 2 scrolls of vulnerability {unknown}
 h - 2 scrolls of amnesia {unknown}
 j - a scroll of noise {unknown}
 k - a scroll of identify {unknown}
Potions
 c - a potion of ambrosia
 d - a potion of curing
 e - a potion of brilliance {unknown}
 i - a potion of attraction
 l - a potion of might {unknown}


   Skills:
 + Level 6.5 Fighting
 + Level 6.5 Short Blades
 + Level 0.4 Long Blades
 + Level 0.4 Axes
 + Level 0.4 Maces & Flails
 + Level 0.4 Polearms
 + Level 0.4 Staves
 + Level 0.4 Ranged Weapons
 + Level 0.4 Throwing
 + Level 0.4 Armour
 + Level 6.5 Dodging
 + Level 4.1 Stealth
 + Level 0.4 Shields
 + Level 0.4 Unarmed Combat
 + Level 0.4 Spellcasting
 + Level 0.2 Conjurations
 + Level 0.2 Hexes
 + Level 0.2 Summonings
 + Level 0.2 Necromancy
 + Level 0.2 Translocations
 + Level 0.2 Transmutations
 + Level 0.2 Fire Magic
 + Level 0.2 Ice Magic
 + Level 0.2 Air Magic
 + Level 0.2 Earth Magic
 + Level 0.2 Poison Magic
 + Level 0.5 Invocations
 + Level 0.4 Evocations


You had one spell level left.
You didn't know any spells.
Your spell library contained the following spells:

 Spells                   Type           Power      Damage    Failure   Level
 Static Discharge         Conj/Air       0%         3-3/arc   47%         2
 Dispel Undead            Necr           0%         3d6       98%         4
 Sticky Flame             Conj/Fire      0%         2d3       98%         4


Dungeon Overview and Level Annotations

Branches:
Dungeon (2/15)

Altars:


Innate Abilities, Weirdness & Mutations

You have very sharp teeth.
Your uncanny sense of smell can sniff out nearby items.
Your experience applies equally to all skills.


Message History

l - a fizzy dark potion Key pressed, stopping explore.
A hobgoblin comes into view.
A gnoll comes into view. It is wielding a +0 spear.
Found a clear potion.
A gnoll comes into view. It is wielding a +0 halberd.
An endoplasm comes into view.
The hobgoblin shouts!
You hear a shout!
The endoplasm quivers.
You hear a shout!
The gnoll shouts!
You hit the hobgoblin but do no damage. The hobgoblin completely misses you.
A gnoll comes into view. It is wielding a +0 spear.
The hobgoblin attacks as you move away! The hobgoblin barely misses you.
The gnoll moves out of view.
A gnoll comes into view. It is wielding a +0 whip.
The gnoll completely misses you. The hobgoblin attacks as you move away!
The hobgoblin hits you but does no damage.
The gnoll attacks as you move away! The gnoll misses you.
You closely miss the gnoll. You bite the gnoll, but do no damage.
The gnoll closely misses you.
You hit the gnoll but do no damage. You hit the gnoll but do no damage.
The gnoll misses you. The gnoll closely misses you.
Okay, then.
The gnoll shouts!
The gnoll hits you from afar with a +0 spear.
The gnoll closely misses you.
You hit the gnoll but do no damage. The gnoll hits you with a +0 halberd.
The gnoll hits you with a +0 whip.
The endoplasm hits you but does no damage.
The gnoll barely misses you. The gnoll hits you with a +0 whip!
* * * LOW HITPOINT WARNING * * *
The gnoll attacks as you move away! The gnoll hits you with a +0 whip.
* * * LOW HITPOINT WARNING * * *
It was a potion of attraction.
You feel attractive to monsters. The endoplasm hits you.
You die...

#.# #.!.####
#.#####.####.......
#..........#...#
######.##..g#.# #.####gg.#
#...g..g## #######g# #J# #@#
########## ##.##
.........######...##
.#######...........## .#
#..###.......## .#
#####..##.........##########
.###.............†............#
..........##.........########.#
#......##.###.......## #.#


You could see 4 gnolls, an endoplasm and a hobgoblin.

Vanquished Creatures
  A ball python (D:2)
  2 endoplasms (D:1)
  3 goblins
  2 hobgoblins (D:1)
  A quokka (D:1)
  A bat (D:1)
  2 rats
12 creatures vanquished.

Notes
Turn   | Place    | Note
-------+----------+-------------------------------------------
     0 | D:1      | Timinator the Gnoll Monk began the quest for the Orb.
     0 | D:1      | Reached XP level 1. HP: 23/23 MP: 1/1
   392 | D:1      | Reached XP level 2. HP: 26/29 MP: 2/2
   683 | D:1      | Found a faded altar of an unknown god.
   683 | D:1      | Noticed an orange demon
   946 | D:2      | Slain by an endoplasm

Illustrated notes

Levels and vault maps discovered:
D:1:      lemuel_arrival_hallway, layout_loops_ring,
          dreamdust_ecumenical_altar_sealed_demon
D:2:      layout_loops_corners

Action                   || total
-------------------------++-------
Melee: Short sword       ||    29
       Bite              ||     1
  Use: Potion            ||     1
 Stab: Sleeping          ||     3
Armor: Robe              ||     6
Dodge: Dodged            ||    16
